 Dungeon Crawl Stone Soup version 0.29.1-1-gd02db6906a (webtiles) character file.

Game seed: 4123623326124919194

427 raph the Chiller (level 6, -3/41 HPs)
             Began as a Merfolk Ice Elementalist on Oct 19, 2022.
             Was a Believer of Zin.
             Slain by Eustachio
             ... wielding a +0 rapier of venom
              (7 damage)
             ... on level 4 of the Dungeon.
             The game lasted 00:07:35 (4358 turns).

raph the Chiller (Merfolk Ice Elementalist)         Turns: 4358, Time: 00:07:36

Health: -3/41      AC:  6    Str:  8      XL:     6   Next: 97%
Magic:  11/11      EV: 17    Int: 16      God:    Zin [**....]
Gold:   127        SH:  0    Dex: 20 (21) Spells: 3/12 levels left

rFire   . . .      SeeInvis .   l - +0 halberd
rCold   . . .      Faith    .   (shield currently unavailable)
rNeg    . . .      Spirit   .   a - +0 robe
rPois   .          Reflect  .   (no helmet)
rElec   .          Harm     .   m - +1 cloak
rCorr   .          Rampage  .   f - +1 pair of gloves
Will    .....                   (no boots)
Stlth   ++........              p - amulet of magic regeneration
HPRegen 0.13/turn               d - +6 ring of dexterity
MPRegen 0.52/turn               q - +4 ring of evasion

@: no status effects
A: (nimble swimmer 2), mertail
a: Renounce Religion, Recite, Vitalisation, Donate Gold


You were on level 4 of the Dungeon.
You worshipped Zin.
Zin was pleased with you.
You visited 1 branch of the dungeon, and saw 4 of its levels.

You collected 222 gold pieces.
You donated 95 gold pieces to Zin.

Inventory:

Hand Weapons
 c - a +0 dagger
 k - a +3 dagger
 l - a +0 halberd (weapon)
Missiles
 n - 4 javelins
 r - 2 curare-tipped darts
 s - 5 poisoned darts
Armour
 a - a +0 robe (worn)
 f - a +1 pair of gloves (worn)
 m - a +1 cloak (worn)
Jewellery
 d - a +6 ring of dexterity (left hand)
 p - an amulet of magic regeneration (around neck)
 q - a +4 ring of evasion (right hand)
Wands
 j - a wand of flame (12)
 t - a wand of digging (4)
Scrolls
 e - 2 scrolls of teleportation
 g - a scroll of vulnerability
 h - 3 scrolls of identify
Potions
 b - a potion of magic
 i - 4 potions of curing
 o - a potion of brilliance


   Skills:
 - Level 2.6 Dodging
 - Level 2.1 Stealth
 + Level 3.5 Spellcasting
 * Level 7.6 Ice Magic
 + Level 2.0 Poison Magic


You had 3 spell levels left.
You knew the following spells:

 Your Spells              Type           Power      Damage    Failure   Level
a - Freeze                Ice            100%       1d11      1%          1
b - Frozen Ramparts       Ice            54%        1d9       2%          3
c - Ozocubu's Armour      Ice            27%        N/A       2%          3
d - Poisonous Vapours     Pois/Air       12%        N/A       17%         2

Your spell library contained the following spells:

 Spells                   Type           Power      Damage    Failure   Level
 Ensorcelled Hibernation  Hex/Ice        30%        N/A       5%          2
 Sting                    Tmut/Pois      24%        1d4       12%         1
 Sandblast                Erth           4%         2d4       19%         1
 Passwall                 Tmut/Erth      1%         N/A       26%         2
 Sublimation of Blood     Necr           2%         N/A       26%         2
 Dazzling Flash           Conj/Hex       4%         N/A       47%         3
 Stone Arrow              Conj/Erth      4%         3d7       47%         3
 Swiftness                Air            2%         N/A       47%         3
 Hailstorm                Conj/Ice       15%        3d5       36%         4
 Olgreb's Toxic Radiance  Pois           9%         N/A       58%         4
 Petrify                  Tmut/Erth      2%         N/A       87%         4
 Agony                    Necr           2%         N/A       99%         5
 Irradiate                Conj/Tmut      1%         3d12      99%         5
 Silence                  Hex/Air        1%         N/A       99%         5


Dungeon Overview and Level Annotations

Branches:
Dungeon (4/15)
 Temple: D:4-7

Altars:
Ru
Uskayaw
Zin

Shops:
D:3 (

Annotations:
D:3 Sigmund
D:4 Edmund, Eustachio


Innate Abilities, Weirdness & Mutations

((You are very nimble when in or above water. (Stealth+, EV+, Speed+++)))
Your lower body shifts to a powerful aquatic tail in water.


Message History

The wall freezes the shadow imp but does no damage.
The shadow imp misses you.
Eustachio completely resists.
The wall freezes Eustachio but does no damage.
Eustachio gestures wildly while chanting.
You hit Eustachio but do no damage.
Eustachio is moderately wounded.
* * * LOW HITPOINT WARNING * * *
You feel very sick.
The wall freezes the quasit but does no damage.
The quasit closely misses you.
The quasit claws you but does no damage.
The quasit misses you.
The shadow imp completely resists.
The wall freezes the shadow imp but does no damage.
The shadow imp resists.
The wall freezes the shadow imp.
The shadow imp closely misses you.
Eustachio resists.
The wall freezes Eustachio.
Eustachio barely misses you.
The wall freezes the quasit but does no damage.
The quasit bites you.
* * * LOW HITPOINT WARNING * * *
You feel clumsy. The quasit barely misses you. The quasit closely misses you.
You feel better.
The shadow imp completely resists.
The wall freezes the shadow imp but does no damage.
The shadow imp completely misses you.
Eustachio resists.
The wall freezes Eustachio.
Eustachio hits you with a +0 rapier of venom.
* * * LOW HITPOINT WARNING * * *
The shadow imp completely resists.
The wall freezes the shadow imp but does no damage.
The shadow imp barely misses you.
The quasit resists.
The wall freezes the quasit.
The quasit closely misses you. x2
The quasit misses you.
You closely miss Eustachio.
Eustachio is moderately wounded.
The frozen ramparts melt away.
The quasit misses you. The quasit completely misses you.
The quasit claws you but does no damage.
The shadow imp closely misses you.
Eustachio hits you with a +0 rapier of venom!
You die...

.###.####.#.#.......... #)#
#.#.###..###### #.# ##.#.# #..#
#.##...#.# #..#######. ##
#.##.###.# #.......... .# #.##.#
#.# #.########. .###)##.# #.# #.#
..[..##.# #.###5########
####.##.###....@@5......
#...........5#######....
####.######### #...#.# #.#
#.#.#.# #.# ###########.#.#.#
#.###...............#
#...........##......#
............#####.........#
##########>.########.....########


You could see Eustachio, a quasit (summoned) and 2 shadow imps.

Vanquished Creatures
  An ogre (D:4)
  An orc priest (D:4)
  Crazy Yiuf (D:2)
  Terence (D:2)
  Natasha (twice) (D:4)
  2 iguanas
  An orc wizard (D:4)
  4 gnolls
  3 adders
  A worm (D:2)
  3 dart slugs
  5 orcs (D:4)
  5 ball pythons
  5 bats
  6 endoplasms
  4 giant cockroaches
  5 goblins
  2 hobgoblins (D:1)
  4 jackals (D:2)
  7 kobolds
  2 quokkas
  A frilled lizard (D:2)
  4 rats
70 creatures vanquished.

Notes
Turn   | Place    | Note
-------+----------+-------------------------------------------
     0 | D:1      | raph the Merfolk Ice Elementalist began the quest for the
                  | Orb.
     0 | D:1      | Reached XP level 1. HP: 13/13 MP: 3/3
   169 | D:1      | Reached XP level 2. HP: 19/19 MP: 5/5
   488 | D:1      | Reached skill level 5 in Ice Magic
  1003 | D:2      | Reached XP level 3. HP: 21/24 MP: 4/6
  1007 | D:2      | Learned a level 3 spell: Frozen Ramparts
  1754 | D:1      | Reached XP level 4. HP: 18/30 MP: 1/7
  1886 | D:2      | Reached skill level 6 in Ice Magic
  2273 | D:2      | Noticed Terence
  2283 | D:2      | Killed Terence
  2312 | D:2      | Reached XP level 5. HP: 34/35 MP: 5/8
  2790 | D:2      | Found a runed translucent door.
  2791 | D:2      | Noticed Crazy Yiuf
  2799 | D:2      | Killed Crazy Yiuf
  3109 | D:3      | Noticed Sigmund
  3396 | D:3      | Found Zusywani's Antique Weapon Boutique.
  3402 | D:3      | Learned a level 3 spell: Ozocubu's Armour
  3467 | D:3      | Learned a level 2 spell: Poisonous Vapours
  3672 | D:3      | Found a hide-covered altar of Uskayaw.
  3681 | D:3      | Found a glowing silver altar of Zin.
  3746 | D:3      | Became a worshipper of Zin the Law-Giver
  3746 | D:3      | Reached * piety under Zin
  3780 | D:3      | Donated 73 gold pieces to Zin
  3782 | D:4      | Noticed an ogre
  3789 | D:4      | Killed an ogre
  3790 | D:4      | Reached skill level 7 in Ice Magic
  3790 | D:4      | Reached skill level 1 in Poison Magic
  3790 | D:4      | Reached XP level 6. HP: 41/41 MP: 10/10
  4036 | D:4      | Reached ** piety under Zin
  4040 | D:4      | Noticed Natasha
  4046 | D:4      | Killed Natasha
  4066 | D:4      | Found a sacrificial altar of Ru.
  4196 | D:4      | Noticed Natasha
  4209 | D:4      | Killed Natasha
  4306 | D:4      | Noticed Edmund
  4345 | D:4      | Noticed Eustachio
  4358 | D:4      | Slain by Eustachio

Illustrated notes

Levels and vault maps discovered:
D:1:      scummos_arrival_hexagon, layout_loops_ring, grunt_decor_one_mirror
D:2:      layout_basic, minmay_between, uniq_crazy_yiuf_cottage, uniq_terence
D:3:      layout_rooms, mainiacjoe_overflow_swirl, serial_shops,
          nicolae_diamond_shop, uniq_sigmund
D:4:      layout_loops_ring, nicolae_ru_path_of_blood, uniq_natasha,
          uniq_eustachio, uniq_edmund

Skill      XL: |  1  2  3  4  5  6 |
---------------+-------------------+-----
Ice Magic      | 5 6 7 |  7.6
Spellcasting   | 3 |  3.5
Poison Magic   | 1 2 |  2.0
Dodging        | |  2.6
Stealth        | |  2.1

Action                   |  1- 3 |  4- 6 || total
-------------------------+-------+-------++-------
Melee: Dagger            |    16 |       ||    16
       Halberd           |       |   110 ||   110
Throw: Dart              |       |     2 ||     2
 Cast: Freeze            |    28 |     6 ||    34
       Frozen Ramparts   |     2 |    16 ||    18
       Ozocubu's Armour  |       |     1 ||     1
Invok: Donate Gold       |       |     1 ||     1
  Use: Scroll            |       |    10 ||    10
       Potion            |       |     1 ||     1
 Stab: Sleeping          |     7 |     9 ||    16
Armor: Robe              |     5 |    30 ||    35
Dodge: Dodged            |    31 |   102 ||   133
